Map: Para Site LE

Players

DnS

  • Race: Protoss Protoss
  • Spawn Location: 11:00

Elazer - Winner!

  • Race: Zerg Zerg
  • Spawn Location: 5:00

Event: WCS Montreal 2018

VOD

Have the link to the VOD?

Description

Time

  • Played on: Sept. 7, 2018, 6:59 p.m.
  • Length: 13:35

All games in this series

Show
View Real Time Build Order
Export as new Build Order

DnS Protoss 

Build Orders: 1 Gate Expand, Oracle Opening, Phoenix Opening, Archon Immortal 

Get SALT Encoding   

  12  0:00  Probe  
  13  0:12  Probe  
  14  0:18  Pylon  
  14  0:24  Probe  
  15  0:32  Probe  
  15  0:39  Gateway  
  15  0:40  Probe  
  16  0:46  Assimilator  
  17  0:51  Probe  
  18  1:03  Probe  
  19  1:15  Probe  
  20  1:23  Nexus  
  20  1:32  Cybernetics Core  
  20  1:36  Probe  
  21  1:42  Assimilator  
  21  1:48  Probe  
  22  1:54  Pylon  
  22  2:00  Probe  
  23  2:03  Adept  
  23  2:12  Probe  
  23  2:14  Stargate  
  26  2:24  Warp Gate, Probe  
  27  2:31  Adept, Probe  
  27  2:37  Probe  
  31  2:39  Probe  
  32  2:49  Probe x2  
  32  2:51  Phoenix  
  34  3:01  Probe x2  
  34  3:05  Oracle  
  38  3:09  Gateway  
  38  3:13  Probe x2  
  43  3:23  Gateway  
  43  3:25  Probe  
  44  3:28  Pylon  
  44  3:30  Probe  
  45  3:35  Assimilator  
  45  3:38  Probe  
  46  3:46  Adept, Probe, Twilight Council  
  49  3:50  Probe  
  49  3:51  Pylon  
  50  3:58  Probe  
  50  4:01  Pylon  
  51  4:05  Probe, Assimilator  
  52  4:10  Probe  
  52  4:16  Resonating Glaives  
  53  4:17  Probe  
  53  4:22  Probe  
  55  4:27  Adept x2  
  55  4:28  Adept  
  55  4:29  Probe  
  62  4:33  Pylon  
  62  4:34  Probe  
  63  4:41  Probe  
  64  4:46  Nexus  
  64  4:55  Adept x3  
  70  5:04  Robotics Facility  
  70  5:10  Pylon  
  70  5:18  Stalker x3  
  75  5:24  Shield Battery  
  75  5:26  Shield Battery  
  75  5:27  Pylon  
  75  5:40  Shield Battery  
  75  5:41  Immortal, Shield Battery  
  75  5:43  Stalker x3  
  75  5:45  Pylon  
  85  6:04  Charge  
  85  6:05  Gateway  
  85  6:06  Gateway  
  85  6:08  Gateway  
  85  6:11  Stalker x2  
  85  6:12  Sentry  
  91  6:31  Observer  
  92  6:33  Pylon  
  92  6:50  Nexus  
  92  6:52  Pylon  
  92  6:55  Immortal  
  96  7:02  Probe  
  96  7:06  Templar Archives, Probe  
  98  7:14  Gateway  
  98  7:15  Cybernetics Core  
  98  7:17  Probe  
  98  7:18  Probe  
  100  7:24  Psionic Storm  
  100  7:29  Probe  
  101  7:30  Probe  
  101  7:34  Zealot x2  
  102  7:40  Immortal  
  102  7:45  Probe x2  
  102  7:48  Forge  
  104  7:56  Assimilator  
  104  7:57  Probe x2  
  106  7:58  Pylon  
  106  7:59  Pylon  
  106  8:00  Assimilator  
  106  8:09  High Templar x2  
  106  8:10  High Templar x3  
  114  8:16  Probe x2  
  113  8:21  Immortal, Protoss Ground Weapons Level 1  
  117  8:28  Probe x2  
  117  8:31  Probe  
  117  8:33  Pylon  
  120  8:40  Probe  
  121  8:47  High Templar x2  
  120  8:48  Probe x2  
  120  8:49  Zealot x3  
  120  8:51  Archon  
  120  8:52  Probe  
  120  8:54  Gateway  
  128  8:59  Pylon  
  128  9:07  Probe x2  
  128  9:09  Photon Cannon  
  130  9:11  Pylon  
  130  9:13  High Templar x4  
  130  9:14  Probe  
  139  9:19  Archon x2  
  139  9:20  Immortal  
  131  9:39  Nexus, Zealot x2  
  131  9:46  Probe x3  
  134  9:58  High Templar x2, Probe  
  137  10:02  Archon  
  137  10:07  Probe x2  
  137  10:10  Probe  
  130  10:22  Zealot x5  
  120  10:29  Archon  
  120  10:31  Immortal  
  110  10:37  High Templar x2  
  110  10:39  Gateway  
  110  10:43  High Templar x4  
  110  10:46  Probe  
  110  10:47  Probe x2  
  119  10:50  Pylon  
  119  11:00  Probe  
  119  11:01  Immortal  
  119  11:03  Probe x3, Zealot  
  127  11:12  Stalker  
  127  11:14  High Templar  
  127  11:15  High Templar  
  133  11:19  Archon  
  133  11:21  Zealot x3  
  139  11:31  Probe  
  136  11:35  Immortal, Probe  
  136  11:38  Probe  
  138  11:46  High Templar x2  
  146  11:47  Probe x2  
  146  11:48  Zealot x3  
  146  11:50  Assimilator  
  144  11:58  Stalker  
  144  11:59  Stalker x2  
  140  12:09  Warp Prism  
  140  12:10  Zealot x3  
  119  12:23  Zealot x5  
  111  12:31  Archon  
  111  12:34  High Templar x3  
  99  12:48  Nexus  
  99  12:52  High Templar x2  
  99  12:56  Archon  
  103  12:58  Zealot x3  
  113  13:10  Probe  
  113  13:11  Probe  
  105  13:15  Probe  
  105  13:17  Zealot  
  99  13:23  Probe x2  
  92  13:27  High Templar x2  
  92  13:32  Archon  
Show
View Real Time Build Order
Export as new Build Order

Elazer Zerg - Winner!

Build Orders: Hatch First, Roach Hydra 

Get SALT Encoding   

  12  0:00  Drone  
  13  0:12  Overlord  
  13  0:17  Drone  
  14  0:30  Drone x2  
  16  0:47  Hatchery  
  15  0:50  Drone  
  15  0:53  Drone  
  15  0:56  Drone  
  18  1:07  Extractor  
  17  1:12  Spawning Pool  
  17  1:15  Drone  
  17  1:18  Drone  
  18  1:29  Drone  
  19  1:39  Drone  
  20  1:50  Drone  
  21  1:58  Queen  
  21  1:59  Queen, Overlord  
  21  2:00  Zergling x2  
  26  2:10  Drone  
  26  2:11  Drone, Metabolic Boost  
  28  2:20  Drone  
  28  2:22  Drone  
  30  2:33  Drone x2  
  32  2:38  Hatchery  
  32  2:43  Queen  
  33  2:48  Zergling x2  
  33  2:50  Overlord  
  34  2:53  Drone  
  34  2:55  Drone  
  36  3:10  Drone x7  
  43  3:14  Overlord  
  43  3:19  Extractor  
  42  3:20  Queen  
  42  3:23  Overlord  
  45  3:29  Overlord  
  45  3:43  Drone x6  
  45  3:46  Spore Crawler  
  45  3:47  Spore Crawler  
  49  3:48  Drone  
  49  3:53  Lair  
  49  3:54  Spore Crawler  
  49  3:57  Queen  
  49  4:01  Drone x2  
  53  4:05  Drone x2  
  53  4:08  Extractor  
  54  4:10  Extractor, Overlord  
  54  4:15  Roach Warren  
  54  4:17  Drone x2  
  54  4:20  Drone  
  55  4:26  Overlord  
  55  4:33  Zergling x14  
  55  4:36  Zergling x4  
  64  4:41  Spore Crawler  
  63  4:48  Overlord  
  64  4:54  Nydus Network  
  64  4:56  Overlord x2  
  67  5:00  Roach x4  
  67  5:06  Roach  
  73  5:07  Roach x2  
  73  5:11  Roach  
  73  5:12  Overlord  
  79  5:22  Roach x2  
  79  5:23  Roach  
  84  5:30  Nydus Canal  
  84  5:36  Drone x8  
  92  5:43  Queen  
  92  5:44  Drone  
  92  5:48  Overlord  
  92  5:49  Glial Reconstitution  
  95  5:51  Drone  
  95  5:53  Evolution Chamber  
  92  6:00  Overlord  
  92  6:01  Drone  
  92  6:02  Drone x3  
  92  6:03  Drone  
  97  6:06  Roach  
  99  6:15  Roach  
  99  6:16  Roach  
  103  6:25  Drone x3  
  106  6:28  Zerg Missile Weapons Level 1  
  106  6:29  Drone  
  107  6:36  Overlord  
  107  6:37  Drone, Hatchery  
  107  6:39  Overlord  
  107  6:42  Drone  
  107  6:45  Drone  
  107  6:51  Extractor, Hydralisk Den  
  107  6:52  Overlord  
  104  6:55  Drone  
  104  6:57  Extractor  
  104  6:58  Extractor  
  104  7:00  Drone x4  
  103  7:02  Baneling Nest  
  103  7:06  Drone x4  
  103  7:07  Overlord  
  107  7:15  Drone x2  
  107  7:19  Drone x2  
  107  7:21  Drone  
  111  7:23  Grooved Spines  
  111  7:25  Overlord  
  107  7:42  Hydralisk x3, Zergling x18  
  114  7:49  Centrifical Hooks  
  114  7:51  Drone x3  
  117  7:52  Drone  
  117  7:58  Overlord  
  118  7:59  Drone x3  
  118  8:00  Drone  
  120  8:07  Hatchery  
  119  8:13  Hydralisk x9  
  119  8:18  Hydralisk  
  119  8:19  Hydralisk x2  
  138  8:24  Spore Crawler  
  138  8:26  Zerg Melee Weapons Level 1  
  137  8:27  Overseer, Overlord  
  137  8:30  Hydralisk  
  137  8:31  Hydralisk x3  
  143  8:34  Muscular Augments  
  143  8:37  Drone x6  
  144  8:41  Drone x2  
  144  8:43  Drone x2  
  144  8:44  Drone  
  144  8:45  Drone  
  146  8:48  Overlord  
  146  8:54  Baneling  
  146  8:55  Hydralisk, Baneling x5  
  148  9:04  Overseer  
  148  9:05  Hydralisk  
  148  9:06  Hydralisk x3  
  148  9:09  Overlord  
  156  9:12  Zergling x2  
  156  9:13  Zergling x6  
  160  9:17  Zergling x10  
  165  9:29  Zergling x2  
  165  9:30  Zergling x16  
  173  9:34  Overlord  
  171  9:42  Zergling x2, Overlord  
  171  9:43  Zergling x16  
  178  9:49  Zergling x4  
  180  9:54  Zergling x8  
  180  9:55  Zergling x4  
  180  9:56  Zergling x2  
  180  9:59  Baneling x2  
  186  10:00  Baneling x15  
  186  10:07  Nydus Canal  
  186  10:10  Baneling x26  
  184  10:14  Zergling x2  
  184  10:15  Zergling x20  
  173  10:21  Hydralisk x4  
  157  10:28  Hydralisk x3  
  157  10:34  Hydralisk  
  145  10:35  Zergling x2  
  145  10:37  Zergling x2  
  145  10:38  Zergling x24  
  154  10:49  Nydus Canal  
  148  10:54  Hydralisk x5  
  154  11:01  Hydralisk  
  154  11:02  Hydralisk, Zergling x10  
  154  11:03  Zergling x10  
  168  11:05  Baneling x3  
  168  11:10  Baneling x3  
  166  11:13  Zergling x2  
  166  11:14  Zergling x14  
  166  11:18  Extractor  
  173  11:21  Nydus Canal  
  173  11:22  Drone x3  
  173  11:23  Overlord  
  176  11:25  Baneling  
  176  11:26  Baneling x4  
  173  11:33  Zergling x30  
  173  11:39  Baneling  
  188  11:40  Baneling x3  
  188  11:42  Zergling x12  
  192  11:52  Zergling x2  
  192  11:53  Zergling x16  
  198  11:58  Baneling x14  
  198  12:01  Zergling x8  
  193  12:10  Zergling x2  
  193  12:11  Zergling x22  
  180  12:18  Zergling x2  
  180  12:19  Zergling x14  
  180  12:21  Zergling x4  
  173  12:23  Zergling x2  
  160  12:30  Hydralisk  
  160  12:31  Hydralisk x6  
  156  12:40  Baneling x8  
  156  12:41  Hydralisk x4  
  156  12:42  Zergling x4  
  164  12:48  Nydus Canal  
  164  12:50  Hydralisk x3  
  170  12:54  Zergling x2  
  170  12:55  Zergling x12  
  177  12:59  Baneling  
  177  13:00  Baneling x6  
  177  13:05  Zergling x16  
  180  13:12  Baneling  
  180  13:13  Baneling x9  
  180  13:14  Zergling x10  
Tags
 
Add a new tag
Caveats
  • Supply blocks, unpowered buildings, or Contaminate may cause inaccurate times.
  • Supply counts are checked every 10 seconds.